AoeStats
← 17_Neo_

Black Forest

506382109Analyzed
1v1 RM · 19d ago on Sep 13, 2026· 168m 56s· 2 players
Game mode
Random Map
Map size
Tiny (2 player)
Population
200
Speed
Normal
Resources
Standard
Victory
Conquest
Starting age
Dark Age
Ending age
Imperial Age
RankedLock teamsTeams togetherTeam positionsShared explorationLock speedFull tech treeHidden civsTurbo modeCheats
Victory
Defeat
🇦🇷 Portuguese · Argentina
1617
+19
🇨🇴 Turks · Colombia
1690
-19
17_Neo_
3:54 Loom
13:04 Feudal Age
16:46 Castle Age
14:30 Horse Collar
14:51 Double-Bit Axe
15:45 Wheelbarrow
17:48 Bow Saw
17:40 Heavy Plow
21:45 Town Watch
24:30 Hand Cart
30:42 Imperial Age
30:28 Gold Mining
30:28 Stone Mining
31:35 Artillery
32:02 Conscription
31:57 Elite Janissary
33:00 Padded Archer Armor
35:10 Two-Man Saw
36:06 Scale Barding Armor
36:12 Forging
36:17 Leather Archer Armor
37:14 Chain Barding Armor
37:49 Bloodlines
37:39 Husbandry
38:31 Iron Casting
37:58 Heavy Camel Rider
40:26 Ring Archer Armor
40:32 Plate Barding Armor
42:11 Ballistics
42:13 Bombard Tower
41:55 Guard Tower
43:11 Blast Furnace
42:01 Fletching
44:35 Keep
45:30 Town Patrol
62:50 Fortified Wall
Alvice Gritti
0:50 Loom
13:05 Feudal Age
13:42 Gold Mining
13:37 Double-Bit Axe
17:55 Castle Age
16:09 Stone Mining
16:24 Horse Collar
23:57 Imperial Age
24:20 Town Watch
27:28 Bow Saw
28:13 Fortified Wall
30:59 Two-Man Saw
31:45 Wheelbarrow
32:30 Stone Shaft Mining
32:10 Guilds
32:42 Hand Cart
33:26 Town Watch
33:48 Arquebus
34:07 Town Patrol
35:26 Masonry
36:19 Chemistry
35:47 Onager
37:29 Siege Engineers
39:30 Scale Mail Armor
41:19 Bombard Tower
41:19 Ballistics
41:30 Architecture
40:41 Treadmill Crane
40:54 Fletching
42:50 Heavy Plow
42:49 Elite Organ Gun
43:50 Conscription
43:27 Bodkin Arrow
43:29 Murder Holes
52:08 Chain Mail Armor
51:54 Bracer
52:04 Forging
51:55 Padded Archer Armor
53:28 Crop Rotation
53:30 Plate Mail Armor
57:31 Iron Casting
57:03 Sappers
59:26 Blast Furnace
58:49 Pikeman
59:15 Arson
59:16 Gambesons
59:33 Circumnavigation
61:05 Halberdier
61:05 Man-at-Arms
64:06 Long Swordsman
66:55 Two-Handed Swordsman
74:03 Champion
Connection lost

Rejoining the realm…

Still unreachable

The connection could not be restored.

Session expired

The server has moved on; the page needs a fresh start.